AoeStats
← MKNG | Sr. MnKo

Arena

511430027Analyzed
1v1 RM · 12d ago on Oct 5, 2026· 25m 25s· 2 players
Game mode
Random Map
Map size
Tiny (2 player)
Population
200
Speed
Normal
Resources
Standard
Victory
Conquest
Starting age
Dark Age
Ending age
Imperial Age
RankedLock teamsTeams togetherTeam positionsShared explorationLock speedFull tech treeHidden civsTurbo modeCheats
Victory
Defeat
🇲🇽 Cumans · Mexico
930
+16
vs
🇲🇽 Cumans · Mexico
926
-16
[COBRA] PANCHITO RENE
0:29 Loom
10:51 Feudal Age
11:16 Man-at-Arms
MKNG | Sr. MnKo
10:00 Feudal Age
8:17 Loom
10:57 Loom
11:19 Man-at-Arms
23:02 Fletching
23:13 Padded Archer Armor
Connection lost

Rejoining the realm…

Still unreachable

The connection could not be restored.

Session expired

The server has moved on; the page needs a fresh start.